Canucks vs Ducks

Created - 16 février 2018 at 21:15

Goals
1 2 3 T
Canucks 1 3 0 4
Ducks 0 1 0 1
Shots
1 2 3 T
Canucks 12 11 6 29
Ducks 6 10 12 28

1st period

1. Canucks , Adam Henrique 18 (Jonathan Marchessault 21, Chris Kreider 16) at 4:39

Penalties :
Devan Dubnyk (VAN) for Slashing (Minor) at 1:13 - Alex Petrovic served the penalty., Karl Stollery (ANA) for Roughing (Minor) at 5:31, Josh Manson (ANA) for Slashing (Minor) at 11:45

2nd period

2. Canucks , Adam Henrique 19 (Jonathan Marchessault 22) at 3:47
3. Ducks , William Nylander 13 (Matt Hunwick 12, Brandon Dubinsky 8) at 7:29
4. Canucks , Evgeny Kuznetsov 17 (Matt Duchene 17) at 14:25
5. Canucks , Adam Henrique 20 (Chris Kreider 17, Erik Karlsson 36) at 18:54 (PP)

Penalties :
Alex Petrovic (VAN) for Hooking (Minor) at 0:17, Josh Manson (ANA) for Holding (Minor) at 18:34

3rd period

No Goal

Penalties :
Chris Kreider (VAN) for Tripping (Minor) at 11:59

Goalie Stats

Devan Dubnyk (VAN), 27 saves from 28 shots - (0.964), W, 29-16-9, 60:00 minutes
Braden Holtby (ANA), 25 saves from 29 shots - (0.862), L, 19-23-4, 60:00 minutes

Players Stats for Canucks

Player Name              G  A  P  +/- PIM S  H  SB GA TA FO     MP     PP MP  PK MP  
------------------------------------------------------------------------------------
Adam Henrique            3  0  3   2  0   6  0  0  0  0  14/27  21:19   2:23   3:36 
Alex Petrovic            0  0  0   2  2   1  4  0  0  0  0/0    17:12   1:17   0:55 
Brayden Point            0  0  0   0  0   1  0  0  0  0  5/11    9:29   0:00   0:00 
Chris Kreider            0  2  2   2  2   2  4  0  0  0  0/0    17:45   2:23   0:03 
Cody Ceci                0  0  0   2  0   2  1  1  0  0  0/0    21:13   3:01   3:11 
Erik Karlsson            0  1  1   1  0   0  1  0  0  0  0/0    26:02   3:01   3:14 
Evander Kane             0  0  0   0  0   0  2  0  0  0  0/1    12:57   0:00   3:28 
Evgeny Kuznetsov         1  0  1   0  0   5  1  0  0  0  11/24  20:00   1:55   0:00 
Jonathan Marchessault    0  2  2   2  0   2  3  0  0  0  1/2    17:43   2:23   0:00 
Logan Shaw               0  0  0   0  0   0  2  0  0  0  0/0     8:54   0:00   2:03 
Marcus Kruger            0  0  0   0  0   0  0  0  0  0  5/9     8:54   0:00   2:03 
Matt Duchene             0  1  1   0  0   3  0  0  0  0  0/1    20:00   1:55   0:00 
Mattias Ekholm           0  0  0   1  0   0  0  2  0  0  0/0    22:09   1:17   2:33 
Nathan Beaulieu          0  0  0  -1  0   1  1  1  0  0  0/0    16:58   0:00   2:01 
Patrick Marleau          0  0  0   0  0   1  0  0  0  0  2/2    20:03   1:55   0:03 
Robby Fabbri             0  0  0   0  0   2  1  0  0  0  1/1     7:29   0:00   0:38 
Ryan Strome              0  0  0   0  0   2  0  0  0  0  1/1     9:29   0:00   0:00 
Simon Despres            0  0  0  -1  0   1  2  2  0  0  0/0    16:25   0:00   0:00 

Players Stats for Ducks

Player Name              G  A  P  +/- PIM S  H  SB GA TA FO     MP     PP MP  PK MP  
------------------------------------------------------------------------------------
Blake Comeau             0  0  0   0  0   1  1  0  0  0  0/0    10:01   0:46   2:44 
Boone Jenner             0  0  0   0  0   3  1  0  0  0  0/0    14:08   0:46   1:19 
Brandon Dubinsky         0  1  1   0  0   0  3  0  0  0  9/20   15:10   0:46   2:21 
Chris Kunitz             0  0  0   0  0   0  0  0  0  0  0/0     6:31   0:00   0:00 
Claude Giroux            0  0  0  -2  0   2  0  0  0  0  13/22  17:11   1:42   0:00 
Derek Forbort            0  0  0   0  0   0  6  2  0  0  0/0    22:18   2:48   2:32 
Gabriel Landeskog        0  0  0   0  0   1  2  0  0  0  0/2    19:16   3:29   0:05 
Josh Manson              0  0  0  -2  4   0  4  0  0  0  0/0    22:06   2:09   0:46 
Karl Stollery            0  0  0   0  2   2  1  1  0  0  0/0    13:33   0:46   0:26 
Kris Letang              0  0  0   0  0   1  1  2  0  0  0/0    23:44   3:02   2:32 
Mark Scheifele           0  0  0   0  0   1  0  1  0  0  12/21  19:22   3:29   0:11 
Matt Hunwick             0  1  1   0  0   0  2  1  0  0  0/0    15:45   0:46   1:29 
Milan Lucic              0  0  0  -2  0   2  1  1  0  0  0/0    17:11   1:42   0:00 
Nikita Zaitsev           0  0  0  -2  0   0  0  3  0  0  0/0    22:31   2:23   0:51 
T.J. Oshie               0  0  0  -2  0   2  1  0  0  0  1/3    17:38   1:42   0:27 
Wayne Simmonds           0  0  0   0  0   10 1  0  0  0  0/3    19:11   3:29   0:00 
William Nylander         1  0  1   0  0   3  0  0  0  0  1/1    12:03   0:00   0:00 
Yanni Gourde             0  0  0   0  0   0  0  0  0  0  3/7     8:00   0:00   1:29 

3 Stars

1 - Adam Henrique (VAN)
2 - Jonathan Marchessault (VAN)
3 - Chris Kreider (VAN)

Power Play

Canucks - 1 on 3 Attempt(s) - 33.33%
Ducks - 0 on 3 Attempt(s) - 0.00%

Penalty Kill

Canucks - 3 on 3 Attempt(s) - 100.00% - Score 0 goal in Penalty Kill
Ducks - 2 on 3 Attempt(s) - 66.67% - Score 0 goal in Penalty Kill

Team Stat

Canucks - Hits : 22 - Faceoff Wins : 40 - Blocked Shots : 6 - Penalty Minutes : 6
Ducks - Hits : 24 - Faceoff Wins : 39 - Blocked Shots : 11 - Penalty Minutes : 6

Official

Referees : Tom Kowal and Dan O'Halloran
Linesman : Devin Berg and Andy McElman

Game Notes

Adam Henrique has scored a Hat Trick!

Finance

Level 1 -- Attendance: 6387 (98.26%) -- Ticket Income 702 570 $
Level 2 -- Attendance: 5000 (100.00%) -- Ticket Income 375 000 $
Level 3 -- Attendance: 2600 (100.00%) -- Ticket Income 145 600 $
Level 4 -- Attendance: 2074 (100.00%) -- Ticket Income 82 960 $
Luxury Box -- Attendance: 976 (97.60%) -- Ticket Income 194 224 $
Game was played at the Honda Center.
Total Attendance: 17037 (99.20%)
Total Ticket Income: 1 500 354 $
Other Income: 225 053 $
Total Income: 1 725 407 $

% Time on Ice - Canucks

Lines # - Real PCT - Wanted PCT - Time Play
Normal Forward
1 - 36% - 37% - 18:05
2 - 31% - 32% - 15:20
3 - 19% - 20% - 9:29
4 - 14% - 11% - 6:51
Normal Defense
1 - 37% - 40% - 18:19
2 - 30% - 35% - 15:01
3 - 30% - 25% - 14:57
4 - 3% - 0% - 1:28
PP Forward
1 - 45% - 60% - 1:55
2 - 55% - 40% - 2:23
PP Defense
1 - 70% - 60% - 3:01
2 - 30% - 40% - 1:17
PK Forward
1 - 66% - 60% - 3:54
2 - 34% - 40% - 2:03
PK Defense
1 - 62% - 60% - 3:42
2 - 38% - 40% - 2:15
PK3 Forward
1 - 0% - 60%
2 - 0% - 40%
PK3 Defense
1 - 0% - 60%
2 - 0% - 40%
44 Forward
1 - 0% - 60%
2 - 0% - 40%
44 Defense
1 - 0% - 60%
2 - 0% - 40%
Last Minute Offensive  - 0:00
Last Minute Defensive  - 0:00
Total
Forward - 60:00
Defense - 60:00

% Time on Ice - Ducks

Lines # - Real PCT - Wanted PCT - Time Play
Normal Forward
1 - 32% - 34% - 15:42
2 - 31% - 30% - 15:29
3 - 24% - 25% - 12:03
4 - 13% - 11% - 6:31
Normal Defense
1 - 34% - 37% - 16:58
2 - 39% - 37% - 19:13
3 - 25% - 26% - 12:22
4 - 2% - 0% - 1:12
PP Forward
1 - 71% - 55% - 4:15
2 - 29% - 45% - 1:42
PP Defense
1 - 36% - 55% - 2:09
2 - 64% - 45% - 3:48
PK Forward
1 - 66% - 55% - 2:49
2 - 34% - 45% - 1:29
PK Defense
1 - 41% - 55% - 1:46
2 - 59% - 45% - 2:32
PK3 Forward
1 - 0% - 55%
2 - 0% - 45%
PK3 Defense
1 - 0% - 55%
2 - 0% - 45%
44 Forward
1 - 0% - 55%
2 - 0% - 45%
44 Defense
1 - 0% - 55%
2 - 0% - 45%
Last Minute Offensive  - 0:00
Last Minute Defensive  - 0:00
Total
Forward - 60:00
Defense - 60:00

Play by Play

1st period


0:01 of 1st period - Evgeny Kuznetsov wins face-off versus Mark Scheifele in neutral zone.
1:13 of 1st period - Shot by Milan Lucic.
1:13 of 1st period - Stopped by Devan Dubnyk without a rebound.
1:13 of 1st period - Minor Penalty to Devan Dubnyk for Slashing.
1:14 of 1st period - Claude Giroux wins face-off versus Adam Henrique in Canucks zone.
1:27 of 1st period - Shot by Claude Giroux.
1:27 of 1st period - Stopped by Devan Dubnyk without a rebound.
1:28 of 1st period - Claude Giroux wins face-off versus Adam Henrique in Canucks zone.
1:47 of 1st period - Shot by T.J. Oshie.
1:47 of 1st period - Shot Misses the Net.
2:41 of 1st period - Shot by Wayne Simmonds.
2:41 of 1st period - Stopped by Devan Dubnyk without a rebound.
2:42 of 1st period - Adam Henrique wins face-off versus Gabriel Landeskog in Canucks zone.
2:48 of 1st period - Icing by Mark Scheifele.
2:49 of 1st period - Adam Henrique wins face-off versus Gabriel Landeskog in Ducks zone.
3:34 of 1st period - Shot by Evgeny Kuznetsov.
3:34 of 1st period - Stopped by Braden Holtby without a rebound.
3:35 of 1st period - Marcus Kruger wins face-off versus Claude Giroux in Ducks zone.
4:35 of 1st period - Shot by Chris Kreider.
4:35 of 1st period - Shot Blocked by Nikita Zaitsev.
4:37 of 1st period - Shot by Jonathan Marchessault.
4:37 of 1st period - Shot Blocked by Nikita Zaitsev.
4:39 of 1st period - Shot by Adam Henrique.
4:39 of 1st period - Goal by Adam Henrique - Canucks : 1 - Ducks : 0.
4:40 of 1st period - Brandon Dubinsky wins face-off versus Brayden Point in neutral zone.
4:43 of 1st period - Shot by Brandon Dubinsky.
4:43 of 1st period - Shot Misses the Net.
4:52 of 1st period - Evander Kane is hit by Karl Stollery and loses puck.
5:01 of 1st period - Shot by Ryan Strome.
5:01 of 1st period - Shot Misses the Net.
5:17 of 1st period - Brayden Point is hit by Matt Hunwick and loses puck.
5:31 of 1st period - Minor Penalty to Karl Stollery for Roughing.
5:32 of 1st period - Evgeny Kuznetsov wins face-off versus Mark Scheifele in Ducks zone.
5:44 of 1st period - Evgeny Kuznetsov is hit by Derek Forbort.
6:02 of 1st period - Shot by Erik Karlsson.
6:02 of 1st period - Shot Misses the Net.
6:32 of 1st period - Shot by Mattias Ekholm.
6:32 of 1st period - Deflect By Jonathan Marchessault.
6:32 of 1st period - Shot Misses the Net.
6:34 of 1st period - Shot by Jonathan Marchessault.
6:34 of 1st period - Shot Hit the Post.
6:44 of 1st period - Shot by Jonathan Marchessault.
6:44 of 1st period - Stopped by Braden Holtby without a rebound.
6:45 of 1st period - Adam Henrique wins face-off versus T.J. Oshie in Ducks zone.
6:50 of 1st period - Shot by Erik Karlsson.
6:50 of 1st period - Shot Misses the Net.
7:33 of 1st period - Brayden Point is hit by Gabriel Landeskog and loses puck.
9:32 of 1st period - Derek Forbort is hit by Logan Shaw and loses puck.
9:37 of 1st period - Shot by Robby Fabbri.
9:37 of 1st period - Stopped by Braden Holtby with a rebound.
9:39 of 1st period - Shot by Cody Ceci.
9:39 of 1st period - Stopped by Braden Holtby without a rebound.
9:40 of 1st period - Mark Scheifele wins face-off versus Adam Henrique in Ducks zone.
9:49 of 1st period - Shot by Wayne Simmonds.
9:49 of 1st period - Shot Misses the Net.
9:56 of 1st period - Off-side.
9:57 of 1st period - Brandon Dubinsky wins face-off versus Marcus Kruger in neutral zone.
10:19 of 1st period - Marcus Kruger is hit by Derek Forbort and loses puck.
10:26 of 1st period - Logan Shaw is hit by Boone Jenner.
10:32 of 1st period - Shot by Brandon Dubinsky.
10:32 of 1st period - Shot Misses the Net.
10:43 of 1st period - Wayne Simmonds is hit by Alex Petrovic.
10:45 of 1st period - Shot by Gabriel Landeskog.
10:45 of 1st period - Stopped by Devan Dubnyk without a rebound.
10:46 of 1st period - Mark Scheifele wins face-off versus Adam Henrique in Canucks zone.
10:46 of 1st period - Mark Scheifele is hit by Nathan Beaulieu.
11:04 of 1st period - Adam Henrique is hit by Josh Manson and loses puck.
11:09 of 1st period - Shot by Adam Henrique.
11:09 of 1st period - Stopped by Braden Holtby with a rebound.
11:39 of 1st period - Erik Karlsson is hit by Josh Manson and loses puck.
11:45 of 1st period - Minor Penalty to Josh Manson for Slashing.
11:46 of 1st period - Evgeny Kuznetsov wins face-off versus Brandon Dubinsky in Ducks zone.
12:34 of 1st period - Shot by Chris Kreider.
12:34 of 1st period - Stopped by Braden Holtby with a rebound.
12:36 of 1st period - Shot by Adam Henrique.
12:36 of 1st period - Shot Misses the Net.
12:38 of 1st period - Shot by Alex Petrovic.
12:38 of 1st period - Stopped by Braden Holtby without a rebound.
12:39 of 1st period - Adam Henrique wins face-off versus Brandon Dubinsky in Ducks zone.
12:44 of 1st period - Shot by Jonathan Marchessault.
12:44 of 1st period - Shot Blocked by Matt Hunwick.
12:46 of 1st period - Shot by Adam Henrique.
12:46 of 1st period - Shot Misses the Net.
12:48 of 1st period - Shot by Mattias Ekholm.
12:48 of 1st period - Shot Misses the Net.
12:56 of 1st period - Shot by Adam Henrique.
12:56 of 1st period - Stopped by Braden Holtby without a rebound.
12:57 of 1st period - Evgeny Kuznetsov wins face-off versus Brandon Dubinsky in Ducks zone.
13:48 of 1st period - Shot by Brayden Point.
13:48 of 1st period - Stopped by Braden Holtby without a rebound.
13:49 of 1st period - Brayden Point wins face-off versus Claude Giroux in Ducks zone.
14:04 of 1st period - Shot by Evander Kane.
14:04 of 1st period - Deflect By Ryan Strome.
14:04 of 1st period - Stopped by Braden Holtby with a rebound.
14:07 of 1st period - Icing by Nikita Zaitsev.
14:08 of 1st period - Marcus Kruger wins face-off versus Claude Giroux in Ducks zone.
14:32 of 1st period - Icing by Josh Manson.
14:33 of 1st period - Claude Giroux wins face-off versus Adam Henrique in Ducks zone.
15:07 of 1st period - Shot by Chris Kreider.
15:07 of 1st period - Stopped by Braden Holtby without a rebound.
15:08 of 1st period - Evgeny Kuznetsov wins face-off versus Brandon Dubinsky in Ducks zone.
15:23 of 1st period - Shot by Boone Jenner.
15:23 of 1st period - Shot Misses the Net.
16:44 of 1st period - Shot by Mark Scheifele.
16:44 of 1st period - Shot Misses the Net.
16:58 of 1st period - Shot by Chris Kreider.
16:58 of 1st period - Shot Blocked by Derek Forbort.
19:41 of 1st period - Shot by Boone Jenner.
19:41 of 1st period - Stopped by Devan Dubnyk without a rebound.
19:42 of 1st period - Brandon Dubinsky wins face-off versus Adam Henrique in Canucks zone.
19:55 of 1st period - Shot by William Nylander.
19:55 of 1st period - Stopped by Devan Dubnyk without a rebound.
19:56 of 1st period - Claude Giroux wins face-off versus Brayden Point in Canucks zone.
Goals for this period are 1 for Canucks vs 0 for Ducks.
Shots for this period are 12 for Canucks vs 6 for Ducks.

2nd period


0:01 of 2nd period - Adam Henrique wins face-off versus T.J. Oshie in neutral zone.
0:10 of 2nd period - Shot by Jonathan Marchessault.
0:10 of 2nd period - Shot Misses the Net.
0:17 of 2nd period - Minor Penalty to Alex Petrovic for Hooking.
0:18 of 2nd period - Adam Henrique wins face-off versus Wayne Simmonds in Canucks zone.
0:52 of 2nd period - Nathan Beaulieu is hit by Wayne Simmonds and loses puck.
1:56 of 2nd period - Icing by Josh Manson.
1:57 of 2nd period - Robby Fabbri wins face-off versus Mark Scheifele in Ducks zone.
2:46 of 2nd period - Shot by Brandon Dubinsky.
2:46 of 2nd period - Deflect By William Nylander.
2:46 of 2nd period - Stopped by Devan Dubnyk without a rebound.
2:47 of 2nd period - Yanni Gourde wins face-off versus Marcus Kruger in Canucks zone.
3:06 of 2nd period - Shot by Robby Fabbri.
3:06 of 2nd period - Deflect By Logan Shaw.
3:06 of 2nd period - Shot Misses the Net.
3:14 of 2nd period - Shot by Blake Comeau.
3:14 of 2nd period - Shot Blocked by Mattias Ekholm.
3:47 of 2nd period - Shot by Jonathan Marchessault.
3:47 of 2nd period - Deflect By Adam Henrique.
3:47 of 2nd period - Goal by Adam Henrique - Canucks : 2 - Ducks : 0.
3:48 of 2nd period - Mark Scheifele wins face-off versus Evgeny Kuznetsov in neutral zone.
3:53 of 2nd period - Icing by Alex Petrovic.
3:54 of 2nd period - Mark Scheifele wins face-off versus Evgeny Kuznetsov in Canucks zone.
4:01 of 2nd period - Wayne Simmonds is hit by Evgeny Kuznetsov and loses puck.
4:08 of 2nd period - Shot by Patrick Marleau.
4:08 of 2nd period - Deflect By Evgeny Kuznetsov.
4:08 of 2nd period - Shot Misses the Net.
4:10 of 2nd period - Shot by Evgeny Kuznetsov.
4:10 of 2nd period - Stopped by Braden Holtby without a rebound.
4:11 of 2nd period - Claude Giroux wins face-off versus Adam Henrique in Ducks zone.
4:32 of 2nd period - Shot by Nathan Beaulieu.
4:32 of 2nd period - Stopped by Braden Holtby without a rebound.
4:33 of 2nd period - Evgeny Kuznetsov wins face-off versus Wayne Simmonds in Ducks zone.
4:39 of 2nd period - Icing by Derek Forbort.
4:40 of 2nd period - Mark Scheifele wins face-off versus Evgeny Kuznetsov in Ducks zone.
4:47 of 2nd period - Shot by Gabriel Landeskog.
4:47 of 2nd period - Deflect By Wayne Simmonds.
4:47 of 2nd period - Stopped by Devan Dubnyk without a rebound.
4:48 of 2nd period - Adam Henrique wins face-off versus Mark Scheifele in Canucks zone.
4:48 of 2nd period - Adam Henrique is hit by Gabriel Landeskog.
5:48 of 2nd period - Icing by Derek Forbort.
5:49 of 2nd period - Brayden Point wins face-off versus Mark Scheifele in Ducks zone.
5:53 of 2nd period - Evander Kane is hit by Derek Forbort and loses puck.
6:35 of 2nd period - Icing by Derek Forbort.
6:36 of 2nd period - Evgeny Kuznetsov wins face-off versus Mark Scheifele in Ducks zone.
6:43 of 2nd period - Shot by Matt Duchene.
6:43 of 2nd period - Shot Misses the Net.
6:45 of 2nd period - Shot by Patrick Marleau.
6:45 of 2nd period - Stopped by Braden Holtby without a rebound.
6:46 of 2nd period - Claude Giroux wins face-off versus Adam Henrique in Ducks zone.
6:46 of 2nd period - Claude Giroux is hit by Jonathan Marchessault.
7:02 of 2nd period - Shot by T.J. Oshie.
7:02 of 2nd period - Stopped by Devan Dubnyk without a rebound.
7:03 of 2nd period - Brandon Dubinsky wins face-off versus Evgeny Kuznetsov in Canucks zone.
7:29 of 2nd period - Shot by William Nylander.
7:29 of 2nd period - Goal by William Nylander - Canucks : 2 - Ducks : 1.
7:30 of 2nd period - T.J. Oshie wins face-off versus Jonathan Marchessault in neutral zone.
7:30 of 2nd period - T.J. Oshie is hit by Chris Kreider.
7:44 of 2nd period - Shot by Jonathan Marchessault.
7:44 of 2nd period - Stopped by Braden Holtby without a rebound.
7:45 of 2nd period - Ryan Strome wins face-off versus Yanni Gourde in Ducks zone.
7:59 of 2nd period - Icing by Chris Kunitz.
8:00 of 2nd period - Adam Henrique wins face-off versus Yanni Gourde in Ducks zone.
8:42 of 2nd period - Icing by Yanni Gourde.
8:43 of 2nd period - Yanni Gourde wins face-off versus Evgeny Kuznetsov in Ducks zone.
9:03 of 2nd period - Icing by Karl Stollery.
9:04 of 2nd period - Brayden Point wins face-off versus Claude Giroux in Ducks zone.
9:29 of 2nd period - Shot by Claude Giroux.
9:29 of 2nd period - Stopped by Devan Dubnyk without a rebound.
9:30 of 2nd period - Evgeny Kuznetsov wins face-off versus Brandon Dubinsky in Canucks zone.
9:30 of 2nd period - Evgeny Kuznetsov is hit by Brandon Dubinsky.
10:01 of 2nd period - Shot by Kris Letang.
10:01 of 2nd period - Shot Misses the Net.
10:03 of 2nd period - Shot by Kris Letang.
10:03 of 2nd period - Shot Misses the Net.
10:16 of 2nd period - Icing by Alex Petrovic.
10:17 of 2nd period - Patrick Marleau wins face-off versus Claude Giroux in Canucks zone.
10:17 of 2nd period - Patrick Marleau is hit by Milan Lucic.
10:43 of 2nd period - Shot by T.J. Oshie.
10:43 of 2nd period - Shot Misses the Net.
10:45 of 2nd period - Shot by Milan Lucic.
10:45 of 2nd period - Stopped by Devan Dubnyk with a rebound.
10:47 of 2nd period - Shot by T.J. Oshie.
10:47 of 2nd period - Stopped by Devan Dubnyk without a rebound.
10:48 of 2nd period - Jonathan Marchessault wins face-off versus Mark Scheifele in Canucks zone.
11:03 of 2nd period - Shot by Jonathan Marchessault.
11:03 of 2nd period - Shot Misses the Net.
11:06 of 2nd period - Adam Henrique is hit by Josh Manson and loses puck.
11:09 of 2nd period - Shot by Adam Henrique.
11:09 of 2nd period - Stopped by Braden Holtby without a rebound.
11:10 of 2nd period - Brayden Point wins face-off versus Brandon Dubinsky in Ducks zone.
11:20 of 2nd period - Evander Kane is hit by Kris Letang and loses puck.
11:23 of 2nd period - Shot by Ryan Strome.
11:23 of 2nd period - Shot Hit the Post.
11:25 of 2nd period - Shot by Simon Despres.
11:25 of 2nd period - Shot Blocked by Kris Letang.
11:27 of 2nd period - Shot by Nathan Beaulieu.
11:27 of 2nd period - Shot Misses the Net.
11:29 of 2nd period - Shot by Simon Despres.
11:29 of 2nd period - Stopped by Braden Holtby without a rebound.
11:30 of 2nd period - Adam Henrique wins face-off versus Claude Giroux in Ducks zone.
11:49 of 2nd period - Shot by Chris Kreider.
11:49 of 2nd period - Shot Misses the Net.
12:02 of 2nd period - Adam Henrique is hit by Josh Manson and loses puck.
12:37 of 2nd period - Shot by Mark Scheifele.
12:37 of 2nd period - Shot Misses the Net.
13:05 of 2nd period - Shot by Evander Kane.
13:05 of 2nd period - Deflect By Brayden Point.
13:05 of 2nd period - Shot Hit the Post.
13:34 of 2nd period - Shot by Evgeny Kuznetsov.
13:34 of 2nd period - Shot Blocked by Derek Forbort.
13:36 of 2nd period - Shot by Evgeny Kuznetsov.
13:36 of 2nd period - Shot Blocked by Mark Scheifele.
13:38 of 2nd period - Shot by Matt Duchene.
13:38 of 2nd period - Stopped by Braden Holtby without a rebound.
13:39 of 2nd period - Marcus Kruger wins face-off versus Brandon Dubinsky in Ducks zone.
14:05 of 2nd period - Shot by Robby Fabbri.
14:05 of 2nd period - Shot Misses the Net.
14:25 of 2nd period - Shot by Evgeny Kuznetsov.
14:25 of 2nd period - Goal by Evgeny Kuznetsov - Canucks : 3 - Ducks : 1.
14:26 of 2nd period - Claude Giroux wins face-off versus Adam Henrique in neutral zone.
14:26 of 2nd period - Claude Giroux is hit by Chris Kreider.
14:48 of 2nd period - Shot by Chris Kreider.
14:48 of 2nd period - Shot Misses the Net.
14:50 of 2nd period - Shot by Simon Despres.
14:50 of 2nd period - Shot Misses the Net.
14:52 of 2nd period - Shot by Adam Henrique.
14:52 of 2nd period - Deflect By Jonathan Marchessault.
14:52 of 2nd period - Shot Blocked by Milan Lucic.
15:00 of 2nd period - Shot by Chris Kreider.
15:00 of 2nd period - Shot Blocked by Nikita Zaitsev.
15:20 of 2nd period - Icing by Josh Manson.
15:21 of 2nd period - Claude Giroux wins face-off versus Brayden Point in Ducks zone.
15:21 of 2nd period - Claude Giroux is hit by Evander Kane.
15:36 of 2nd period - Off-side.
15:37 of 2nd period - Evgeny Kuznetsov wins face-off versus Wayne Simmonds in neutral zone.
15:39 of 2nd period - Matt Duchene is hit by Derek Forbort and loses puck.
16:14 of 2nd period - Shot by Matt Duchene.
16:14 of 2nd period - Stopped by Braden Holtby without a rebound.
16:15 of 2nd period - Adam Henrique wins face-off versus Brandon Dubinsky in Ducks zone.
16:42 of 2nd period - William Nylander is hit by Chris Kreider and loses puck.
17:09 of 2nd period - Shot by Blake Comeau.
17:09 of 2nd period - Stopped by Devan Dubnyk without a rebound.
17:10 of 2nd period - Mark Scheifele wins face-off versus Evgeny Kuznetsov in Canucks zone.
17:13 of 2nd period - Shot by Mark Scheifele.
17:13 of 2nd period - Shot Misses the Net.
17:29 of 2nd period - Shot by Gabriel Landeskog.
17:29 of 2nd period - Shot Misses the Net.
17:50 of 2nd period - Shot by Wayne Simmonds.
17:50 of 2nd period - Stopped by Devan Dubnyk without a rebound.
17:51 of 2nd period - Claude Giroux wins face-off versus Evander Kane in Canucks zone.
18:27 of 2nd period - Shot by T.J. Oshie.
18:27 of 2nd period - Shot Misses the Net.
18:34 of 2nd period - Minor Penalty to Josh Manson for Holding.
18:35 of 2nd period - Brandon Dubinsky wins face-off versus Adam Henrique in Ducks zone.
18:54 of 2nd period - Shot by Adam Henrique.
18:54 of 2nd period - Goal by Adam Henrique - Canucks : 4 - Ducks : 1.
18:55 of 2nd period - Mark Scheifele wins face-off versus Matt Duchene in neutral zone.
19:04 of 2nd period - Shot by Mark Scheifele.
19:04 of 2nd period - Shot Misses the Net.
19:06 of 2nd period - Shot by Gabriel Landeskog.
19:06 of 2nd period - Shot Blocked by Simon Despres.
19:12 of 2nd period - Shot by Wayne Simmonds.
19:12 of 2nd period - Stopped by Devan Dubnyk without a rebound.
19:13 of 2nd period - Adam Henrique wins face-off versus Brandon Dubinsky in Canucks zone.
19:18 of 2nd period - Shot by William Nylander.
19:18 of 2nd period - Shot Blocked by Mattias Ekholm.
Goals for this period are 3 for Canucks vs 1 for Ducks.
Shots for this period are 11 for Canucks vs 10 for Ducks.

3rd period


0:01 of 3rd period - Claude Giroux wins face-off versus Evgeny Kuznetsov in neutral zone.
0:10 of 3rd period - Icing by Alex Petrovic.
0:11 of 3rd period - Mark Scheifele wins face-off versus Evgeny Kuznetsov in Canucks zone.
0:23 of 3rd period - Shot by Matt Duchene.
0:23 of 3rd period - Stopped by Braden Holtby without a rebound.
0:24 of 3rd period - Adam Henrique wins face-off versus Claude Giroux in Ducks zone.
0:24 of 3rd period - Chris Kreider is hit by Derek Forbort and loses puck.
0:59 of 3rd period - Mattias Ekholm is hit by T.J. Oshie and loses puck.
1:34 of 3rd period - Shot by Mark Scheifele.
1:34 of 3rd period - Shot Misses the Net.
1:36 of 3rd period - Shot by Josh Manson.
1:36 of 3rd period - Shot Misses the Net.
1:39 of 3rd period - Gabriel Landeskog is hit by Alex Petrovic.
1:43 of 3rd period - Shot by Mark Scheifele.
1:43 of 3rd period - Shot Misses the Net.
1:45 of 3rd period - Shot by Mark Scheifele.
1:45 of 3rd period - Deflect By Wayne Simmonds.
1:45 of 3rd period - Stopped by Devan Dubnyk without a rebound.
1:46 of 3rd period - William Nylander wins face-off versus Brayden Point in Canucks zone.
1:56 of 3rd period - William Nylander is hit by Simon Despres and loses puck.
2:11 of 3rd period - Shot by Boone Jenner.
2:11 of 3rd period - Shot Blocked by Nathan Beaulieu.
2:13 of 3rd period - Shot by Karl Stollery.
2:13 of 3rd period - Stopped by Devan Dubnyk without a rebound.
2:14 of 3rd period - Yanni Gourde wins face-off versus Evgeny Kuznetsov in Canucks zone.
2:35 of 3rd period - Shot by Patrick Marleau.
2:35 of 3rd period - Shot Blocked by Kris Letang.
2:57 of 3rd period - Icing by Yanni Gourde.
2:58 of 3rd period - Adam Henrique wins face-off versus Yanni Gourde in Ducks zone.
3:54 of 3rd period - Shot by Wayne Simmonds.
3:54 of 3rd period - Stopped by Devan Dubnyk with a rebound.
3:56 of 3rd period - Shot by Nikita Zaitsev.
3:56 of 3rd period - Shot Misses the Net.
4:02 of 3rd period - Shot by Mark Scheifele.
4:02 of 3rd period - Shot Blocked by Simon Despres.
4:06 of 3rd period - Shot by Wayne Simmonds.
4:06 of 3rd period - Stopped by Devan Dubnyk without a rebound.
4:07 of 3rd period - Patrick Marleau wins face-off versus Claude Giroux in Canucks zone.
4:14 of 3rd period - Shot by Patrick Marleau.
4:14 of 3rd period - Shot Misses the Net.
4:16 of 3rd period - Shot by Evgeny Kuznetsov.
4:16 of 3rd period - Shot Hit the Post.
4:18 of 3rd period - Shot by Patrick Marleau.
4:18 of 3rd period - Shot Blocked by Karl Stollery.
4:20 of 3rd period - Shot by Cody Ceci.
4:20 of 3rd period - Stopped by Braden Holtby with a rebound.
4:22 of 3rd period - Shot by Evgeny Kuznetsov.
4:22 of 3rd period - Stopped by Braden Holtby without a rebound.
4:23 of 3rd period - Marcus Kruger wins face-off versus Brandon Dubinsky in Ducks zone.
4:29 of 3rd period - Boone Jenner is hit by Logan Shaw and loses puck.
4:33 of 3rd period - Boone Jenner is hit by Simon Despres and loses puck.
4:50 of 3rd period - Shot by Boone Jenner.
4:50 of 3rd period - Stopped by Devan Dubnyk with a rebound.
4:52 of 3rd period - Shot by Josh Manson.
4:52 of 3rd period - Shot Misses the Net.
5:10 of 3rd period - Shot by Wayne Simmonds.
5:10 of 3rd period - Stopped by Devan Dubnyk with a rebound.
5:12 of 3rd period - Shot by Karl Stollery.
5:12 of 3rd period - Stopped by Devan Dubnyk without a rebound.
5:13 of 3rd period - Claude Giroux wins face-off versus Evgeny Kuznetsov in Canucks zone.
6:26 of 3rd period - Icing by Adam Henrique.
6:27 of 3rd period - Brandon Dubinsky wins face-off versus Adam Henrique in Canucks zone.
6:29 of 3rd period - William Nylander is hit by Erik Karlsson and loses puck.
6:44 of 3rd period - Josh Manson is hit by Jonathan Marchessault and loses puck.
7:05 of 3rd period - Brandon Dubinsky is hit by Chris Kreider and loses puck.
7:29 of 3rd period - Evander Kane is hit by Derek Forbort and loses puck.
7:38 of 3rd period - Shot by Brayden Point.
7:38 of 3rd period - Deflect By Ryan Strome.
7:38 of 3rd period - Shot Misses the Net.
7:40 of 3rd period - Shot by Simon Despres.
7:40 of 3rd period - Deflect By Ryan Strome.
7:40 of 3rd period - Stopped by Braden Holtby without a rebound.
7:41 of 3rd period - Evgeny Kuznetsov wins face-off versus Yanni Gourde in Ducks zone.
7:50 of 3rd period - Cody Ceci is hit by Blake Comeau and loses puck.
8:11 of 3rd period - Yanni Gourde is hit by Cody Ceci.
8:28 of 3rd period - Wayne Simmonds is hit by Alex Petrovic.
8:30 of 3rd period - Shot by Mark Scheifele.
8:30 of 3rd period - Shot Misses the Net.
8:38 of 3rd period - Shot by Wayne Simmonds.
8:38 of 3rd period - Stopped by Devan Dubnyk with a rebound.
8:40 of 3rd period - Shot by Gabriel Landeskog.
8:40 of 3rd period - Shot Blocked by Cody Ceci.
8:47 of 3rd period - Wayne Simmonds is hit by Alex Petrovic.
8:54 of 3rd period - Shot by Gabriel Landeskog.
8:54 of 3rd period - Shot Misses the Net.
8:56 of 3rd period - Shot by Kris Letang.
8:56 of 3rd period - Stopped by Devan Dubnyk without a rebound.
8:57 of 3rd period - Brayden Point wins face-off versus Claude Giroux in Canucks zone.
9:55 of 3rd period - Shot by Chris Kreider.
9:55 of 3rd period - Shot Misses the Net.
10:49 of 3rd period - Shot by Robby Fabbri.
10:49 of 3rd period - Stopped by Braden Holtby with a rebound.
10:57 of 3rd period - Shot by Marcus Kruger.
10:57 of 3rd period - Shot Misses the Net.
11:10 of 3rd period - Icing by Evgeny Kuznetsov.
11:11 of 3rd period - Mark Scheifele wins face-off versus Evgeny Kuznetsov in Canucks zone.
11:14 of 3rd period - Shot by Wayne Simmonds.
11:14 of 3rd period - Shot Misses the Net.
11:20 of 3rd period - Shot by Mark Scheifele.
11:20 of 3rd period - Stopped by Devan Dubnyk without a rebound.
11:21 of 3rd period - Brandon Dubinsky wins face-off versus Brayden Point in Canucks zone.
11:36 of 3rd period - Shot by William Nylander.
11:36 of 3rd period - Shot Misses the Net.
11:46 of 3rd period - Karl Stollery is hit by Evander Kane.
11:53 of 3rd period - Brayden Point is hit by Matt Hunwick and loses puck.
11:59 of 3rd period - Minor Penalty to Chris Kreider for Tripping.
12:00 of 3rd period - Adam Henrique wins face-off versus Mark Scheifele in Canucks zone.
13:51 of 3rd period - Icing by Gabriel Landeskog.
13:52 of 3rd period - Mark Scheifele wins face-off versus Adam Henrique in Ducks zone.
14:10 of 3rd period - Off-side.
14:11 of 3rd period - Claude Giroux wins face-off versus Evgeny Kuznetsov in neutral zone.
14:48 of 3rd period - Shot by Evgeny Kuznetsov.
14:48 of 3rd period - Stopped by Braden Holtby without a rebound.
14:49 of 3rd period - Brandon Dubinsky wins face-off versus Marcus Kruger in Ducks zone.
14:49 of 3rd period - Brandon Dubinsky is hit by Robby Fabbri.
15:51 of 3rd period - Matt Hunwick is hit by Jonathan Marchessault and loses puck.
17:31 of 3rd period - Off-side.
17:32 of 3rd period - Brandon Dubinsky wins face-off versus Brayden Point in neutral zone.
17:39 of 3rd period - Shot by Boone Jenner.
17:39 of 3rd period - Shot Misses the Net.
17:41 of 3rd period - Shot by Boone Jenner.
17:41 of 3rd period - Stopped by Devan Dubnyk without a rebound.
17:42 of 3rd period - Mark Scheifele wins face-off versus Marcus Kruger in Canucks zone.
17:46 of 3rd period - Icing by Robby Fabbri.
17:47 of 3rd period - Marcus Kruger wins face-off versus Mark Scheifele in Canucks zone.
17:56 of 3rd period - Shot by Wayne Simmonds.
17:56 of 3rd period - Stopped by Devan Dubnyk without a rebound.
17:57 of 3rd period - Evgeny Kuznetsov wins face-off versus Brandon Dubinsky in Canucks zone.
17:57 of 3rd period - Evgeny Kuznetsov is hit by Brandon Dubinsky.
18:19 of 3rd period - Icing by Nathan Beaulieu.
18:20 of 3rd period - Mark Scheifele wins face-off versus Evgeny Kuznetsov in Canucks zone.
19:01 of 3rd period - Off-side.
19:02 of 3rd period - Claude Giroux wins face-off versus Adam Henrique in neutral zone.
19:57 of 3rd period - Erik Karlsson is hit by Brandon Dubinsky and loses puck.
Goals for this period are 0 for Canucks vs 0 for Ducks.
Shots for this period are 6 for Canucks vs 12 for Ducks.